 Dungeon Crawl Stone Soup version 0.23-a0-204-g3eb00d1601 (webtiles) character file.

7 Jesh the Sneak (level 1, 0/9 HPs)
             Began as a Spriggan Enchanter on Sept 24, 2018.
             Slain by a jackal (1 damage)
             ... on level 1 of the Dungeon.
             The game lasted 00:02:08 (87 turns).

Jesh the Sneak (Spriggan Enchanter)                   Turns: 87, Time: 00:02:09

Health: 0/9        AC:  2    Str:  4    XL:     1   Next: 91%
Magic:  4/5        EV: 18    Int: 16    God:
Gold:   0          SH:  0    Dex: 16    Spells: 5/6 levels left

rFire    . . .     SeeInvis +   a - +1 dagger
rCold    . . .     Gourm    .   (shield restricted)
rNeg     . . .     Faith    .   b - +0 robe
rPois    .         Spirit   .   (helmet restricted)
rElec    .         Reflect  .   (no cloak)
rCorr    +         Harm     .   (gloves unavailable)
MR       .....                  (boots unavailable)
Stlth    +++.......             (no amulet)
HPRegen  0.03/turn              c - ring of resist corrosion
MPRegen  0.09/turn              (no ring)

@: very quick
A: very small, unfitting armour, see invisible, herbivore, speed 3, slow
metabolism 2
a: no special abilities


You were on level 1 of the Dungeon.
You were not hungry.

You visited 1 branch of the dungeon, and saw 1 of its levels.

Inventory:

Hand Weapons
 a - a +1 dagger (weapon)
Armour
 b - a +0 robe (worn)
Jewellery
 c - a ring of resist corrosion (left hand)
Comestibles
 d - a ration


   Skills:
 - Level 1.1 Short Blades
 - Level 3.0 Dodging
 - Level 4.4 Stealth
 + Level 3.1 Spellcasting
 + Level 4.0 Hexes


You had 5 spell levels left.
You knew the following spells:

 Your Spells              Type           Power        Failure   Level  Hunger
a - Corona                Hex            ###....      3%          1    None

Your spell library contained the following spells:

 Spells                   Type           Power        Failure   Level  Hunger
 Confuse                  Hex            ###.....     11%         3    ###....
 Tukima's Dance           Hex            ###.....     11%         3    ###....
 Ensorcelled Hibernation  Hex/Ice        #.....       12%         2    ##.....
 Dazzling Spray           Conj/Hex       #.....       24%         3    ###....


Dungeon Overview and Level Annotations

Branches:
Dungeon (1/15)

Altars:


Innate Abilities, Weirdness & Mutations

You are very small and have problems with some larger weapons.
You are too small for most types of armour.
You have supernaturally acute eyesight. (SInv)
You are a herbivore.
You cover ground extremely quickly.
You need to consume almost no food.


Message History

You hit the jackal.
The jackal is moderately wounded.
The goblin closely misses you. The jackal bites you. x2
* * * LOW HITPOINT WARNING * * *
You barely miss the jackal.
The jackal is moderately wounded.
The jackal barely misses you. x2; The goblin hits you but does no damage.
The jackal barely misses you. The jackal misses you.
You closely miss the jackal.
The jackal is moderately wounded.
The goblin misses you. The jackal bites you.
* * * LOW HITPOINT WARNING * * *
The jackal bites you but does no damage.
You closely miss the jackal.
The jackal is moderately wounded.
The jackal barely misses you. x2; The goblin barely misses you.
You hit the jackal.
The jackal is almost dead.
The jackal stops glowing.
The jackal bites you.
You die...

..........♣P....#
.P♣PP......PPK....#
....#.............#
..# #............
... +........# #.#
#.(..((..# #.#
#.#+###..# ##h###.#
#..# #.h@gKh# +..# ♣
#.####'#+####.# ♣.♣
#.#..h......#)##....
#.#..#.8.#..#....♣♣
#....$§.§...'.....♣
###..§.§§...#......#
#..#...#[.#....(.#
#.........#......#
#.........#.#...##


You could see 3 jackals, a goblin and a kobold.

Vanquished Creatures
  A dart slug (D:1)
  A hobgoblin (D:1)
  2 bats (D:1)
  A frilled lizard (D:1)
  A kobold (D:1)
  A rat (D:1)
7 creatures vanquished.

Notes
Turn   | Place    | Note
-------+----------+-------------------------------------------
     0 | D:1      | Jesh the Spriggan Enchanter began the quest for the Orb.
     0 | D:1      | Reached XP level 1. HP: 9/9 MP: 5/5
    87 | D:1      | Slain by a jackal

Vault maps used:
D:1:      shiori_arrival_oz, serial_forest, infiniplex_forest_clump_small,
          infiniplex_forest_end_1, infiniplex_forest_clump_tiny,
          infiniplex_forest_straight_3, infiniplex_forest_straight_2,
          infiniplex_forest_straight_2, infiniplex_forest_clump_double

Skill      XL: |  1 |
---------------+----+-----
Spellcasting   | 3 |  3.1
Hexes          | 4 |  4.0
Short Blades   | |  1.1
Dodging        | |  3.0
Stealth        | |  4.4

Action                   || total
-------------------------++-------
Melee: Dagger            ||    38
 Cast: Corona            ||     4
Armor: Robe              ||     5
Dodge: Dodged            ||    62

Table legend:
 A = Non-vault XP
 B = Vault XP
 C = Vault XP percentage of total XP
 D = Non-vault monster count
 E = Vault monster count
 F = Vault count percentage of total count
                 A         B        C        D         E       F
            +---------+---------+-------+---------+---------+-------
      Total |      11 |       0 |   0.0 |       7 |       0 |   0.0
            +---------+---------+-------+---------+---------+-------
        D:1 |      11 |       0 |   0.0 |       7 |       0 |   0.0
            +---------+---------+-------+---------+---------+-------
